 Dungeon Sprint DCSS version 0.27-a0-1137-g3ef0f4ec91 (webtiles) character file.

Game seed: 18129405464015497242

24 3t5h the Insei (level 3, -10/30 HPs)
             Began as a Djinni Transmuter on May 7, 2021.
             Mangled by an ogre
             ... wielding a +0 giant club
              (23 damage)
             ... in the Dungeon (Sprint I: "Red Sonja").
             The game lasted 00:00:23 (68 turns).

3t5h the Insei (Djinni Transmuter)                    Turns: 68, Time: 00:00:23

Health: -10/30     AC:  2    Str:  9    XL:     3   Next: 2%
Gold:   0          EV: 20    Int: 15    God:
                   SH:  0    Dex: 18

rFire    . . .     SeeInvis .     - Unarmed
rCold    . . .     Faith    .   (shield currently unavailable)
rNeg     . . .     Spirit   .   (armour currently unavailable)
rPois    ∞         Reflect  .   (helmet currently unavailable)
rElec    .         Harm     .   (cloak currently unavailable)
rCorr    .         Rampage  .   (gloves currently unavailable)
Will     .....     NoTele   +   (boots unavailable)
Stlth    ++........             (no amulet)
HPRegen  0.10/turn              (no ring)
MPRegen  0.00/turn              (no ring)

@: spider-form, flying
A: venomous fangs, flying, sickness immunity, tiny, (fire resistance 2), (cold
vulnerability 1), float, innate caster, hp casting, extra vitality 1
a: End Transformation


You were in the Dungeon.
You were a venomous arachnid creature.
You visited 1 branch

Inventory:

Armour
 a - a +0 robe (melded)
Wands
 b - a wand of polymorph (6)
Scrolls
 g - a scroll of blinking
Potions
 c - a potion of curing
 d - a potion of heal wounds
 e - a potion of haste


   Skills:
 * Level 3.2 Fighting
 + Level 3.2 Dodging
 + Level 3.7 Unarmed Combat
 * Level 3.2 Spellcasting


You couldn't memorise any spells.
You knew the following spells:

 Your Spells              Type           Power      Damage    Failure   Level
a - Beastly Appendage     Tmut           24%        N/A       16%         1
b - Wereblood             Tmut           12%        N/A       21%         2
c - Spider Form           Tmut/Pois      6%         N/A       34%         3
d - Ice Form              Ice/Tmut       12%        N/A       67%         4
e - Hydra Form            Tmut           6%         N/A       93%         5
f - Animate Skeleton      Necr           24%        N/A       16%         1
Your spell library was empty.

Dungeon Overview and Level Annotations

Branches:
Dungeon (1/1)

Altars:


Innate Abilities, Weirdness & Mutations

You are a venomous arachnid creature.
You have poisonous fangs.
You are tiny and dextrous.
You are flying.
Your spellcasting is less reliable in this form.
Your armour is entirely melded.
You are incapable of wielding weapons or throwing items.
You are immune to sickness and miasma.
You are immune to poison.
((Your flesh is very heat resistant. (rF++)))
((You are vulnerable to cold. (rC-)))
You float through the air rather than walking.
You learn spells naturally, not from books.
Your magical power is your life essence.
You have superior vitality. (+4 HP)


Message History

b - a wand of polymorph (6)
Things that are here:
a +0 club; a +0 leather armour; the goblin corpse of Ijyb
Okay, then.
You start resting.
You feel a strong urge to attack something.
You are no longer berserk.
You are exhausted.
You feel yourself slow down.
You start resting.
Your horns disappear.
You start resting.
You feel yourself speed up.
You start resting.
You recover from your berserk rage.
You start resting.
HP restored.
Casting: Beastly Appendage (safe; 5% risk of failure)
Confirm with . or Enter, or press ? or * to list all spells.
The spell is quite dangerous to cast (16% risk of failure)!
Continue anyway?
You turn into a venomous arachnid creature.
Your +0 robe melds into your body.
You reach down and open the door.
An ogre comes into view. It is wielding a +0 giant club.
There is an open door here.
The ogre shouts!
The ogre barely misses you.
You hit the ogre.
The ogre is lightly wounded.
The ogre completely misses you.
You hit the ogre.
The ogre is poisoned.
The ogre is moderately wounded.
You hit the ogre.
The ogre is heavily wounded.
The ogre hits you with a +0 giant club!
You hit the ogre.
The ogre looks as sick as possible!
The ogre is severely wounded.
The ogre hits you with a +0 giant club!!
Ouch! That really hurt!
You die...

##########
#<.#..'s.#
#..').#.O+
#..#####+#
#..# #..#
#..# #⌠⌠#
####


You could see an ogre (extremely poisoned).

Vanquished Creatures
  Ijyb (D)
1 creature vanquished.

Notes
Turn   | Place    | Note
-------+----------+-------------------------------------------
     0 | D        | 3t5h the Djinni Transmuter began the quest for the Orb.
     0 | D        | Reached XP level 1. HP: 17/17 MP: 0/0
     2 | D        | Noticed Ijyb
     8 | D        | Killed Ijyb
     9 | D        | Reached XP level 2. HP: 25/25 MP: 0/0
     9 | D        | Reached XP level 3. HP: 30/30 MP: 0/0
     9 | D        | Learned a level 1 spell: Animate Skeleton
    63 | D        | Noticed an ogre
    68 | D        | Mangled by an ogre

Illustrated notes

Levels and vault maps discovered:
D:        dungeon_sprint_1 [red_sonja_temple_1, red_sonja_temple_small_1]

Skill      XL: |  1 |
---------------+----+-----
Fighting       | 3 |  3.2
Dodging        | 3 |  3.2
Spellcasting   | 3 |  3.2
Unarmed Combat | |  3.7

Action                   || total
-------------------------++-------
Melee: Unarmed           ||     8
       Headbutt          ||     1
 Cast: Beastly Appendage ||     1
       Spider Form       ||     1
  Use: Potion            ||     1
Dodge: Dodged            ||     3

Table legend: (Time is in decaauts)
 A = Elapsed time spent in this place.
 B = Non-inter-level travel time spent in this place.
 C = Inter-level travel time spent in this place.
 D = Time resting spent in this place.
 E = Time spent auto-exploring this place.
 F = Levels seen in this place.
 G = Mean time per level.
                   A        B        C        D        E       F      G
               +--------+--------+--------+--------+--------+-----+--------+
         Total |     75 |     75 |      0 |     58 |      0 |   1 |   75.0 |
       Dungeon |     75 |     75 |      0 |     58 |      0 |   1 |   75.0 |
               +--------+--------+--------+--------+--------+-----+--------+

Top non-repeatable levels by time:
       D: 75 daAuts
